 Dungeon Crawl Stone Soup version 0.32-a0-913-g739538afd8 (webtiles) character file.

Game seed: 13140832500898906173

3659 alantwelve the Protected (level 9, -7/81 HPs)
             Began as a Minotaur Fighter on Apr 8, 2024.
             Mangled by Erica
             ... wielding a +4 scimitar of flaming
              (9 damage)
             ... on level 8 of the Dungeon.
             The game lasted 00:31:41 (8604 turns).

alantwelve the Protected (Minotaur Fighter)         Turns: 8604, Time: 00:31:41

Health: -7/81      AC: 16    Str: 20    XL:     9   Next: 89%
Magic:  8/8        EV: -1    Int:  5    God:
Gold:   425        SH:  5    Dex: 15    Spells: 8/8 levels left

rFire   . . .        J - +3 spear of Vessu {freeze, rPois Will+}
rCold   . . .        c - +0 buckler
rNeg    . . .        g - +0 storm dragon scales
rPois   +            F - +1 hat
rElec   +            (no cloak)
rCorr   .            (no gloves)
SInv    .            l - +0 pair of boots
Will    ++...        (no amulet) Stlth
                     j - ring of willpower
HPRegen 0.33/turn    (no ring)
MPRegen 0.11/turn

%: no passive effects
@: constricted
A: horns 2, retaliatory headbutt
a: no special abilities


You were on level 8 of the Dungeon.
You visited 2 branches of the dungeon, and saw 9 of its levels.
You also visited: Sewer.

You collected 641 gold pieces.
You spent 216 gold pieces at shops.

Inventory:

Hand Weapons
 a - a +2 whip of electrocution
 b - a +2 spear of venom
 e - a +3 war axe of freezing
 o - a +2 spectral club
 z - a +2 mace of draining
 G - a +4 short sword of electrocution
 J - the +3 spear of Vessu (weapon) {freeze, rPois Will+}
   (You bought it in a shop on level 7 of the Dungeon)

   rPois:     It protects you from poison.
   Will+:     It increases your willpower.
Missiles
 p - 36 poisoned darts (quivered)
 C - 5 curare-tipped darts
Armour
 c - a +0 buckler (worn)
 g - +0 storm dragon scales (worn)
 l - a +0 pair of boots (worn)
 D - a +0 troll leather armour {Pargi}
 F - a +1 hat (worn)
Jewellery
 f - a ring of fire
 j - a ring of willpower (left hand)
 H - an amulet of faith
Wands
 m - a wand of charming (22)
 n - a wand of warping (9)
 s - a wand of digging (4)
 y - a wand of flame (13)
Scrolls
 h - 3 scrolls of immolation
 k - a scroll of amnesia
 r - 3 scrolls of fog
 u - a scroll of teleportation
 E - a scroll of vulnerability
 I - a scroll of poison
Potions
 d - 4 potions of might
 i - 4 potions of magic
 q - a potion of brilliance
 t - a potion of mutation
 v - 3 potions of lignification
 w - a potion of enlightenment
 x - 2 potions of attraction
 A - a potion of resistance {unknown}
 B - a potion of ambrosia {unknown}


   Skills:
 + Level 7.8 Fighting
 + Level 3.9 Short Blades
 + Level 7.6(8.6) Axes
 + Level 5.4(7.3) Maces & Flails
 + Level 2.4(5.4) Polearms
 + Level 2.4 Throwing
 + Level 8.9 Armour
 + Level 3.5 Dodging
 + Level 0.9 Stealth
 + Level 6.6 Shields


You had 8 spell levels left.
You didn't know any spells.
Your spell library contained the following spells:

 Spells                   Type           Power      Damage    Failure   Level
 Apportation              Tloc           0%         N/A       99%         1
 Necrotise                Necr           0%         1d4       99%         1
 Slow                     Hex            0%         N/A       99%         1
 Sting                    Conj/Alch      0%         1d3       99%         1
 Summon Small Mammal      Summ           0%         N/A       99%         1
 Call Imp                 Summ           0%         N/A       100%        2
 Jinxbite                 Hex            0%         N/A       100%        2
 Sublimation of Blood     Necr           0%         N/A       100%        2
 Confusing Touch          Hex            0%         N/A       100%        3
 Vampiric Draining        Necr           0%         2d6       100%        3
 Alistair's Intoxication  Alch           0%         N/A       100%        5
 Summon Hydra             Summ           0%         N/A       100%        7


Dungeon Overview and Level Annotations

Branches:
Dungeon (8/15)             Temple (1/1) D:4           Sewer (visited)
   Lair: D:8-11

Altars:
Ashenzari
Cheibriados
Dithmenos
Elyvilon
Fedhas
Gozag
Hepliaklqana
Nemelex Xobeh
Ru
Trog
Uskayaw
Yredelemnul
Zin
The Shining One

Shops:
D:4 (   D:7 (

Annotations:
D:8 Erica


Innate Abilities, Weirdness & Mutations

You have a pair of horns on your head.
You reflexively headbutt those who attack you in melee.


Message History

Erica barely misses you.
You barely miss Erica.
Erica is lightly wounded.
The acid dragon bites you. The acid dragon claws you.
Erica hits you with a +4 scimitar of flaming.
Erica burns you. Erica barely misses you.
You are too injured to fight recklessly!
You are too injured to fight recklessly!
You are too injured to fight recklessly!
You are too injured to fight recklessly!
You barely miss the acid dragon. You headbutt the acid dragon!
The acid dragon is moderately wounded.
The acid dragon spits acid at you. The splash of acid hits you.
Erica hits you but does no damage. Erica grabs you. Erica constricts you.
You closely miss the acid dragon.
The acid dragon is moderately wounded.
The acid dragon bites you but does no damage.
The acid dragon claws you.
You puncture the acid dragon! You freeze the acid dragon.
You headbutt the acid dragon!
The acid dragon is almost dead.
Erica hits you with a +4 scimitar of flaming!
* * * LOW HITPOINT WARNING * * *
Erica burns you.
* * * LOW HITPOINT WARNING * * *
Erica constricts you.
* * * LOW HITPOINT WARNING * * *
Erica's grasp on you weakens, but your attempt to escape fails.
The acid dragon spits acid at you. The splash of acid hits you!
* * * LOW HITPOINT WARNING * * *
Erica hits you but does no damage. Erica constricts you.
Unknown command.
You hit the acid dragon. You freeze the acid dragon.
You kill the acid dragon!
The acid dragon scales are intact enough to wear.
Erica hits you with a +4 scimitar of flaming!
You die...
Erica begins burbling mirthfully and uncontrollably.

#...#...#........
#...##..#........
#...###..........
#...#............
#.%.#.#.#)##.....
#...#.#..........
#.).#.###.#.#####
##...#.# #.#)#####
#@)..#.###.......#
#[x.##...'.......#
....######......†.
.....#............#
###...#............#
#####.^..........#
#.............
#.......####..
#.......#.....


You could see Erica.

Vanquished Creatures
  A two-headed ogre (D:7)
  Maurice (D:7)
  A shadow (D:8)
  A steam dragon (D:7)
  Menkaure (D:7)
  An acid dragon (D:8)
  Duvessa (D:7)
  Pargi (Sewer)
  A black bear (D:4)
  An ice beast (D:8)
  2 centaurs
  A phantom (D:4)
  4 kobold brigands
  3 bullfrogs
  Dowan (D:7)
  A killer bee (D:8)
  2 bombardier beetles (D:5)
  4 electric eels (D:7)
  A jelly (D:7)
  2 gnoll boudas
  4 hounds
  4 orc priests
  Jessica (D:3)
  3 iguanas
  4 orc wizards
  9 gnolls
  10 adders
  A white imp (D:5)
  2 ufetubi (D:6)
  A dart slug (D:1)
  4 ribbon worms
  27 orcs
  5 bats
  11 endoplasms
  9 giant cockroaches
  9 goblins
  7 hobgoblins
  14 jackals
  39 kobolds
  5 quokkas
  5 ball pythons
  3 frilled lizards
  9 rats
217 creatures vanquished.

Notes
Turn   | Place    | Note
-------+----------+-------------------------------------------
     0 | D:1      | alantwelve the Minotaur Fighter began the quest for the
                  | Orb.
     0 | D:1      | Reached XP level 1. HP: 19/19 MP: 0/0
   229 | D:1      | Reached XP level 2. HP: 27/27 MP: 1/1
   896 | D:2      | Reached XP level 3. HP: 19/33 MP: 2/2
  1045 | D:2      | Reached skill level 4 in Armour
  1448 | D:2      | Found a snail-covered altar of Cheibriados.
  1730 | D:3      | Reached XP level 4. HP: 41/41 MP: 3/3
  1764 | D:3      | Reached skill level 1 in Short Blades
  1865 | D:3      | Reached skill level 1 in Dodging
  2080 | D:3      | Reached XP level 5. HP: 47/47 MP: 4/4
  2633 | D:3      | Reached skill level 5 in Fighting
  2780 | D:3      | Noticed Jessica
  2789 | D:3      | Killed Jessica
  2790 | D:3      | Reached XP level 6. HP: 41/56 MP: 5/5
  3388 | D:4      | Found Plog's Weapon Boutique.
  3422 | D:4      | Reached skill level 5 in Armour
  3510 | D:4      | Found an opulent altar of Gozag.
  3646 | D:4      | Reached skill level 1 in Throwing
  3646 | D:4      | Reached XP level 7. HP: 51/61 MP: 6/6
  3797 | D:4      | Found a staircase to the Ecumenical Temple.
  3805 | Temple   | Entered the Ecumenical Temple
  4176 | D:5      | Entered Level 5 of the Dungeon
  4409 | D:5      | Reached skill level 1 in Maces & Flails
  4636 | D:5      | Reached skill level 5 in Shields
  5422 | D:6      | Found a hazy altar of Hepliaklqana.
  5429 | D:6      | Reached skill level 6 in Armour
  5429 | D:6      | Reached XP level 8. HP: 62/70 MP: 7/7
  5496 | D:6      | Found a glowing drain.
  5524 | Sewer    | Entered a sewer
  5603 | Sewer    | Noticed Pargi
  5614 | Sewer    | Killed Pargi
  5966 | D:6      | Found a white marble altar of Elyvilon.
  6041 | D:6      | Reached skill level 5 in Maces & Flails
  6358 | D:7      | Noticed Menkaure
  6365 | D:7      | Killed Menkaure
  6416 | D:7      | Found Fodoe's Antique Weapon Shoppe.
  6441 | D:7      | Found a blossoming altar of Fedhas.
  6477 | D:7      | Noticed Maurice
  6486 | D:7      | Something stole an amulet of faith
  6499 | D:7      | Something stole a +4 short sword of electrocution
  6522 | D:7      | Maurice stole 385 gold
  6523 | D:7      | Maurice stole 118 gold
  6540 | D:7      | Noticed a two-headed ogre
  6988 | D:7      | Noticed Duvessa
  6989 | D:7      | Noticed Dowan
  6995 | D:7      | Killed Duvessa
  6996 | D:7      | Reached skill level 5 in Axes
  6996 | D:7      | Reached skill level 7 in Armour
  7006 | D:7      | Killed Dowan
  7046 | D:7      | Reached XP level 9. HP: 79/79 MP: 8/8
  7049 | D:7      | Killed a two-headed ogre
  7056 | D:7      | Reached skill level 8 in Armour
  7423 | D:7      | Maurice stole 24 gold
  7444 | D:7      | Killed Maurice
  7576 | D:7      | Bought a dazzling spear for 216 gold pieces
  7576 | D:7      | Identified the +3 spear of Vessu {freeze, rPois Will+} (You
                  | bought it in a shop on level 7 of the Dungeon)
  7602 | D:7      | Found a glowing silver altar of Zin.
  7999 | D:8      | Reached skill level 1 in Polearms
  8072 | D:8      | Found a broken altar of Ashenzari.
  8178 | D:8      | Noticed Erica
  8603 | D:8      | HP: 2/81 [acid dragon/splash of acid (8)]
  8604 | D:8      | Mangled by Erica

Illustrated notes

Levels and vault maps discovered:
D:1:      ncdulo_wetmaze, layout_loops_cross
D:2:      layout_basic, basic_altar, nrook_mini_backslash,
          nicolae_houndstooth_variations
D:3:      minmay_recursive_quarters, layout_basic, lexackson_kobold_supper,
          uniq_jessica
D:4:      layout_basic, mainiacjoe_overflow_cross_hatched,
          minmay_temple_entry_glassed_door, nicolae_stop_n_shop_1,
          grunt_decor_arrowhead, nicolae_the_louvre
D:5:      layout_cave_pods
D:6:      layout_basic, nicolae_hepliaklqana_hazy_memory, lemuel_round_altar,
          gup_sewer_entry_glass
D:7:      layout_cave_pools, fedhas_altar_2, zin_scriptorium, serial_shops,
          nicolae_shop_window_shopping, chequers_big_river, uniq_duvessa,
          uniq_maurice, uniq_menkaure
D:8:      kennysheep_spiral_hall, layout_basic, ashenzari_altar_1,
          chequers_temple_overflow_statue_of_worship, palyth_stone_intersect,
          dreamdust_mushroom_princess, chequers_serial_rivers_micro_b,
          uniq_erica
Temple:   hellmonk_temple_flake

Skill      XL: |  1  2  3  4  5  6  7  8  9 |
---------------+----------------------------+-----
Shields        | 4 5 6 |  6.6
Fighting       | 4 5 6 7 |  7.8
Armour         | 4 5 6 7 8 |  8.9
Axes           | 3 5 7 |  7.6
Short Blades   | 2 3 |  3.9
Dodging        | 1 2 3 |  3.5
Throwing       | 1 2 |  2.4
Maces & Flails | 3 5 |  5.4
Polearms       | 2 |  2.4
Stealth        | |  0.9

Action                     |  1- 3 |  4- 6 |  7- 9 || total
---------------------------+-------+-------+-------++-------
  Melee: War axe           |    42 |       |   108 ||   150
         Headbutt          |    11 |    22 |    58 ||    91
         Short sword       |    71 |    98 |       ||   169
         Club              |       |    74 |    15 ||    89
         Whip              |       |       |   116 ||   116
         Spear             |       |       |    69 ||    69
  Throw: Dart              |       |     9 |    18 ||    27
    Use: Scroll            |     6 |     4 |    12 ||    22
         Potion            |       |       |     8 ||     8
 Armour: Scale mail        |    32 |       |       ||    32
         Storm dragon scal |    56 |   122 |   327 ||   505
  Dodge: Dodged            |    40 |    52 |   102 ||   194
  Block: Buckler           |    23 |    37 |    85 ||   145

Table legend: (Time is in decaauts)
 A = Elapsed time spent in this place.
 B = Non-inter-level travel time spent in this place.
 C = Inter-level travel time spent in this place.
 D = Time resting spent in this place.
 E = Time spent auto-exploring this place.
 F = Levels seen in this place.
 G = Mean time per level.
                   A        B        C        D        E       F      G
               +--------+--------+--------+--------+--------+-----+--------+
         Total |   8717 |   8461 |    256 |   1014 |   5718 |  10 |  871.7 |
       Dungeon |   8556 |   8300 |    256 |   1014 |   5639 |   8 | 1069.5 |
        Temple |      1 |      1 |      0 |      0 |      0 |   1 |    1.0 |
         Sewer |    159 |    159 |      0 |      0 |     78 |   1 |  159.0 |
               +--------+--------+--------+--------+--------+-----+--------+

Top non-repeatable levels by time:
     D:7: 1906 daAuts
     D:3: 1514 daAuts
     D:4: 1116 daAuts
     D:5: 1094 daAuts
     D:2: 929 daAuts
     D:1: 816 daAuts
     D:6: 732 daAuts
     D:8: 447 daAuts
   Sewer: 159 daAuts
  Temple: 1 daAuts
